cohdb
Replays
Latest Replays
All Replays
Popular Replays
Top Player Replays
Match Explorer
How It Works
Community
CoH3 Stats
Reddit
Sign in to upload your games and track your stats! →
Sign in with Steam
Match 42603686
Unlisted
Match 42603686
Overview
Messages
Build Orders
End
Construct Barracks
Riflemen Squad
1⁄4-ton 4x4 Truck
Riflemen Squad
Riflemen Squad
Riflemen Squad
Riflemen Squad
Selects Airborne Battlegroup
Selects Heavy Machine Gun Paradrop
Selects Paratrooper Squad Paradrop
Grenade Package
Construct Medical Station
Mechanized Support Center
Selects Anti-tank Gun Team Paradrop
Anti-tank Gun Team Paradrop
Designate Forward Repair Station
Construct Tank Depot
Selects Recon Loiter
Selects Supply Drop
M4A1 Sherman Medium Tank
Engineer Squad
M4A1 Sherman Medium Tank
M4A1 76mm Conversion
Selects Carpet Bombing Run
M4A1(76) Sherman Medium Tank
Riflemen Squad
M4A1(76) Sherman Medium Tank
Recon Loiter
Engineer Squad
Riflemen Squad
Riflemen Squad
Recon Loiter
Riflemen Squad
Recon Loiter
Carpet Bombing Run
Engineer Squad
Kyp Durron
NaseMabi
Dave
_Nemez_
0
0
Comments
sign in to comment!
No comments posted yet!